 Dungeon Crawl Stone Soup version 0.23.2-1-ga50397a (webtiles) character file.

Game seed: 4672415866593827486

1365 goulibeur the Skirmisher (level 8, -1/71 HPs)
             Began as a Purple Draconian Berserker on May 22, 2019.
             Was an Elder of Trog.
             Slain by an orc
             ... wielding a +0 halberd
              (7 damage)
             ... on level 7 of the Dungeon.
             The game lasted 00:15:33 (5274 turns).

goulibeur the Skirmisher (DrBe)                     Turns: 5274, Time: 00:15:33

Health: -1/71      AC:  8    Str: 21    XL:     8   Next: 38%
Magic:  8/8        EV: 14    Int:  7    God:    Trog [****..]
Gold:   296        SH:  0    Dex: 12    Spells: 7/7 levels left

rFire    . . .     SeeInvis .   y - +1 flail (protect)
rCold    . . .     Gourm    .   (no shield)
rNeg     . . .     Faith    .   (armour unavailable)
rPois    .         Spirit   .   (helmet restricted)
rElec    .         Reflect  .   (no cloak)
rCorr    .         Harm     .   q - +0 pair of gloves
MR       +....                  e - +0 pair of boots
Stlth    +.........             (no amulet)
HPRegen  0.21/turn              (no ring)
MPRegen  0.11/turn              (no ring)

@: berserk cooldown, slowed, very slow
A: breathe power, unfitting armour, cold-blooded, AC +6
a: Breathe Dispelling Energy, Berserk, Trog's Hand, Brothers in Arms, Renounce
Religion


You were on level 7 of the Dungeon.
You worshipped Trog.
Trog was greatly pleased with you.
You were very hungry.

You visited 1 branch of the dungeon, and saw 7 of its levels.

You collected 296 gold pieces.

Inventory:

Hand Weapons
 a - a +0 mace
 s - a +0 flail
 y - a +1 flail of protection (weapon)
 B - a +0 mace of protection
 I - a +6 whip
Missiles
 n - 3 javelins (quivered)
 t - 2 tomahawks
Armour
 e - a +0 pair of boots (worn)
 q - a +0 pair of gloves (worn)
Magical Staves
 J - an uncursed staff of earth {unknown}
Jewellery
 v - a +2 ring of strength {unknown}
 H - a +1 ring of protection {unknown}
Wands
 A - a wand of flame (9)
 D - a wand of digging (5)
 G - a wand of acid (4)
Scrolls
 c - 3 scrolls of amnesia {unknown}
 h - a scroll of blinking {unknown}
 j - 7 scrolls of teleportation {unknown}
 k - a scroll of random uselessness {unknown}
 l - 2 scrolls of identify {unknown}
 m - a scroll of noise {unknown}
 o - 3 scrolls of magic mapping {unknown}
 u - 2 scrolls of fear {unknown}
 x - 2 scrolls of immolation {unknown}
 C - 2 scrolls of remove curse {unknown}
 F - 2 scrolls of enchant weapon {unknown}
Potions
 d - 3 potions of flight {unknown}
 f - 4 potions of heal wounds {unknown}
 g - 5 potions of curing {unknown}
 i - a potion of degeneration {unknown}
 p - 3 potions of cancellation {unknown}
 r - a potion of berserk rage {unknown}
 w - a potion of lignification {unknown}
 z - a potion of haste {unknown}
 E - a potion of might {unknown}
Comestibles
 b - 12 rations


   Skills:
 + Level 6.5 Fighting
 + Level 5.9 Maces & Flails
 + Level 4.5 Throwing
 + Level 5.3 Dodging


You had 7 spell levels left.
You didn't know any spells.
Your spell library was empty.

Dungeon Overview and Level Annotations

Branches:
Dungeon (7/15)             Temple (0/1) D:5

Altars:
Gozag


Innate Abilities, Weirdness & Mutations

You can breathe bolts of dispelling energy.
Your rich purple scales are hard. (AC +6)
You cannot fit into any form of body armour.
You are cold-blooded and may be slowed by cold attacks.


Message History

You kill the orc wizard!
Trog accepts your kill.
Trog appreciates your killing of a magic user.
The orc misses you. The worker ant misses you.
You sock the worker ant!
You kill the worker ant!
Trog accepts your kill. The orc hits you but does no damage.
The orc closely misses you. The orc barely misses you.
You sock the orc!
You kill the orc!
Trog accepts your kill.
The orc hits you from afar with a +0 halberd.
* * * LOW HITPOINT WARNING * * *
The orc barely misses you.
Items here: )) / [ †† Unknown command.
The orc hits you but does no damage. The orc barely misses you.
The orc hits you with a +0 halberd!
You die...

##### #...# #...# #
#...... #...# ..
#...... #...###.#
#...... #.......#
#.....######o...##
.#...[......).@...####
.........####.....<..#
a. .........#
#....#...# ...
#........#
####)#...#....
##.....#.# #.(..%..#
##...##.# ###....#..
...... #.#
###......... ....# #.#
#........... .... #>#
##.#..>.#....


You could see an orc.

Vanquished Creatures
  An orc warrior (D:6)
  A phantom (D:4)
  2 ogres
  2 bullfrogs (D:6)
  A scorpion (D:5)
  A crimson imp (D:5)
  2 centaur zombies (D:6)
  5 hounds
  2 jellies
  3 orc priests
  2 orc wizards (D:7)
  An iguana (D:5)
  5 worker ants
  A worker ant zombie (D:7)
  8 adders
  4 gnolls (D:5)
  2 shadow imps (D:5)
  4 worms
  2 dart slugs (D:1)
  3 leopard geckos
  9 orcs
  2 giant cockroaches (D:2)
  8 goblins
  9 hobgoblins
  5 jackals
  10 kobolds
  3 quokkas
  3 ball pythons
  A ball python skeleton (D:6)
  4 bats
  7 frilled lizards
  A jackal skeleton (D:6)
  A leopard gecko skeleton (D:4)
  A quokka skeleton (D:5)
  5 rats
121 creatures vanquished.

Notes
Turn   | Place    | Note
-------+----------+-------------------------------------------
     0 | D:1      | goulibeur the Draconian Berserker began the quest for the
                  | Orb.
     0 | D:1      | Reached XP level 1. HP: 19/19 MP: 1/1
   102 | D:1      | Reached XP level 2. HP: 23/26 MP: 2/2
   329 | D:1      | Reached skill level 1 in Throwing
   415 | D:1      | Reached ** piety under Trog
   415 | D:1      | Reached XP level 3. HP: 32/33 MP: 3/3
  1021 | D:2      | Reached XP level 4. HP: 29/40 MP: 4/4
  1201 | D:2      | Reached skill level 4 in Fighting
  1565 | D:2      | Found an opulent altar of Gozag.
  2330 | D:3      | Reached XP level 5. HP: 41/46 MP: 5/5
  2884 | D:4      | Noticed a phantom
  2974 | D:4      | Killed a phantom
  2974 | D:4      | Reached XP level 6. HP: 40/53 MP: 6/6
  3095 | D:4      | Reached *** piety under Trog
  3218 | D:4      | Reached skill level 5 in Fighting
  3323 | D:4      | You fall through a shaft for 3 floors!
  3433 | D:6      | Noticed an orc warrior
  3444 | D:6      | Killed an orc warrior
  3444 | D:6      | Your scales start taking on a rich purple colour.
  3444 | D:6      | Reached XP level 7. HP: 31/61 MP: 7/7
  3768 | D:5      | Entered Level 5 of the Dungeon
  3774 | D:5      | Reached skill level 5 in Maces & Flails
  4294 | D:5      | Found a staircase to the Ecumenical Temple.
  4360 | D:5      | Reached skill level 6 in Fighting
  4427 | D:5      | Reached skill level 5 in Dodging
  4427 | D:5      | Reached XP level 8. HP: 67/70 MP: 8/8
  4447 | D:5      | Identified Ruveisai's Tome of Clay and the Arsonist
  4770 | D:4      | Reached **** piety under Trog
  5251 | D:7      | Received a gift from Trog
  5274 | D:7      | Slain by an orc

Skill      XL: |  1  2  3  4  5  6  7 |
---------------+----------------------+-----
Dodging        | 3 4 5 |  5.3
Throwing       | 1 2 3 4 |  4.5
Fighting       | 4 5 6 |  6.5
Maces & Flails | 4 5 |  5.9

Action                   |  1- 3 |  4- 6 |  7- 9 || total
-------------------------+-------+-------+-------++-------
Melee: Mace              |   107 |   148 |       ||   255
       Tailslap          |    12 |    27 |    20 ||    59
       Flail             |       |    76 |   137 ||   213
       Whip              |       |       |     6 ||     6
Invok: Berserk           |       |     2 |     2 ||     4
 Stab: Sleeping          |     1 |       |       ||     1
  Eat: Chunk             |       |    10 |     7 ||    17
Armor: Skin              |    43 |    83 |    59 ||   185
Dodge: Dodged            |    97 |   181 |   154 ||   432
